 Dungeon Crawl Stone Soup version 0.22.1-1-ga44c0e5 (webtiles) character file.

67 shadowice111 the Shield-Bearer (level 4, -6/41 HPs)
             Began as a Minotaur Fighter on Nov 9, 2018.
             Mangled by a gnoll
             ... wielding a +0 flail
              (13 damage)
             ... on level 4 of the Dungeon.
             The game lasted 00:07:04 (1015 turns).

shadowice111 the Shield-Bearer (Minotaur Fighter)   Turns: 1015, Time: 00:07:05

Health: -6/41      AC:  7    Str: 21    XL:     4   Next: 0%
Magic:  3/3        EV:  8    Int:  5    God:
Gold:   142        SH:  9    Dex: 10    Spells: 3/3 levels left

rFire    . . .     SeeInvis .   l - +0 spear
rCold    . . .     Gourm    .   c - +0 shield
rNeg     . . .     Faith    .   b - +0 scale mail
rPois    .         Spirit   .   (helmet restricted)
rElec    .         Reflect  .   (no cloak)
rCorr    .         Harm     .   (no gloves)
MR       .....                  (no boots)
Stlth    ..........             (no amulet)
HPRegen  0.13/turn              (no ring)
MPRegen  0.08/turn              (no ring)

@: lethally poisoned (-6 -> -21)
A: retaliatory headbutt, horns 2
a: no special abilities


You were on level 4 of the Dungeon.
You were hungry.

You visited 1 branch of the dungeon, and saw 4 of its levels.

You collected 142 gold pieces.

Inventory:

Hand Weapons
 a - a +0 long sword
 e - a +0 club
 h - a +0 short sword
 l - a +0 spear (weapon)
 o - a +0 club
 p - a cursed -1 club
 t - a +0 short sword
 x - a +0 short sword
Missiles
 j - 42 stones (quivered)
 u - 18 bolts
 v - 7 tomahawks
Armour
 b - a +0 scale mail (worn)
 c - a +0 shield (worn)
 i - a +0 leather armour
 m - a +0 cloak
 r - a +0 leather armour
Scrolls
 g - a scroll of enchant armour {unknown}
 k - a scroll of amnesia {unknown}
 n - 3 scrolls of identify {unknown}
 q - a scroll of remove curse {unknown}
 w - a scroll of enchant weapon {unknown}
Potions
 d - a potion of might
 s - a potion of curing {unknown}
Comestibles
 f - 4 rations


   Skills:
 + Level 4.3 Fighting
 + Level 2.7 Long Blades
 + Level 4.2 Armour
 + Level 1.1 Dodging
 + Level 4.4 Shields


You had 3 spell levels left.
You didn't know any spells.
Your spell library was empty.

Dungeon Overview and Level Annotations

Branches:
Dungeon (4/15)
 Temple: D:4-7

Altars:


Innate Abilities, Weirdness & Mutations

You reflexively headbutt those who attack you in melee.
You have a pair of horns on your head.


Message History

The gnoll hits you from afar with a halberd of venom!
You are poisoned.
The gnoll shaman closely misses you. You furiously retaliate!
You headbutt the gnoll shaman, but do no damage.
You barely miss the gnoll.
The gnoll is lightly wounded.
You feel sick. You block the gnoll's attack.
The gnoll shaman calls upon its god to heal the gnoll.
The gnoll's wounds heal themselves!
The gnoll hits you from afar with a halberd of venom!
You are more poisoned.
You hear a shout!
Your shield prevents you from hitting the gnoll.
You feel sick. The gnoll hits you with a flail!
* * * LOW HITPOINT WARNING * * *
The gnoll shaman hits you but does no damage.
You hit the gnoll shaman but do no damage.
* * * LOW HITPOINT WARNING * * *
You feel sick. You block the gnoll's attack. The gnoll hits you with a flail!
You die...

... #g#
... #g##
.g. # #.#
.#
###g#.##.#
#@g......#
#g#)#.####
#[....#
###.###
#.# #.#
#.# #.#


You could see a gnoll shaman and 2 gnolls.

Vanquished Creatures
  3 adders
  3 orcs (D:4)
  A ball python (D:1)
  A bat (D:2)
  A giant cockroach (D:1)
  5 goblins
  8 hobgoblins
  3 jackals (D:1)
  2 frilled lizards (D:1)
  5 kobolds
  5 rats
37 creatures vanquished.

Notes
Turn   | Place    | Note
-------+----------+-------------------------------------------
     0 | D:1      | shadowice111 the Minotaur Fighter began the quest for the
                  | Orb.
     0 | D:1      | Reached XP level 1. HP: 19/19 MP: 0/0
    75 | D:1      | Reached XP level 2. HP: 22/27 MP: 1/1
   547 | D:2      | Reached XP level 3. HP: 24/33 MP: 2/2
   681 | D:2      | Reached skill level 1 in Dodging
  1004 | D:4      | Reached XP level 4. HP: 39/41 MP: 3/3
  1015 | D:4      | Mangled by a gnoll

Skill      XL: |  1  2  3 |
---------------+----------+-----
Shields        | 4 |  4.4
Fighting       | 4 |  4.3
Armour         | 4 |  4.2
Dodging        | 1 |  1.1
Long Blades    | |  2.7

Action                   |  1- 3 |  4- 6 || total
-------------------------+-------+-------++-------
Melee: Long sword        |    18 |       ||    18
       Headbutt          |    17 |       ||    17
       Spear             |    73 |     7 ||    80
Throw: Stone             |    18 |       ||    18
Armor: Scale mail        |    44 |     1 ||    45
Dodge: Dodged            |    41 |     2 ||    43
Block: Shield            |    55 |     2 ||    57
       Rpst.: Long sword |     3 |       ||     3
